 Dungeon Sprint DCSS version 0.22.0-16-gc6d26f6 (webtiles) character file.

5149 doot the Nimble (level 10, -5/85 HPs)
             Began as a Gnoll Gladiator on Aug 17, 2018.
             Was the Champion of Qazlal.
             Slain by a tyrant leech (12 damage)
             ... in the Dungeon (Sprint IX: "|||||||||||||||||||||||||||||").
             The game lasted 00:15:57 (2310 turns).

doot the Nimble (Gnoll Gladiator)                   Turns: 2310, Time: 00:15:58

Health: -5/85      AC: 20    Str: 18    XL:     10   Next: 59%
Magic:  23/23      EV: 14    Int: 11    God:    Qazlal [******]
Gold:   0          SH:  8    Dex: 18    Spells: 27/27 levels left

rFire    . . .     SeeInvis .   y - +2 rapier (drain)
rCold    + . .     Gourm    .   (no shield)
rNeg     . . .     Faith    .   G - +2 plate armour {rC+}
rPois    .         Spirit   .   c - +0 helmet
rElec    .         Reflect  .   (no cloak)
rCorr    .         Harm     .   (no gloves)
MR       .....     NoTele   +   s - +0 pair of boots
Stlth    ..........             (no amulet)
HPRegen  0.24/turn              p - +2 ring of protection
MPRegen  0.18/turn              q - +2 ring of evasion

@: fainting, repel missiles
A: distributed training, fangs 1, strong nose
a: Upheaval, Elemental Force, Disaster Area, Renounce Religion


You were in the Dungeon.
You worshipped Qazlal.
Qazlal was exalted by your worship.
You were fainting.

You visited 1 branch

Inventory:

Hand Weapons
 a - a +0 long sword
 u - a +4 quarterstaff of speed
 v - a +1 broad axe of freezing
 w - the +2 halberd "Guyfufem" {chop, Str+3}
   (You found it in the Dungeon)

   It inflicts extra damage upon your enemies.
   It affects your strength (+3).
 x - a +2 morningstar of crushing
 y - a +2 rapier of draining (weapon)
 z - a +2 scimitar of flaming
Missiles
 d - 3 throwing nets (quivered)
Armour
 b - a +0 leather armour
 c - a +0 helmet (worn)
 r - a +1 chain mail
 s - a +0 pair of boots (worn)
 G - a +2 plate armour of cold resistance (worn)
Magical Staves
 t - an uncursed staff of energy
Jewellery
 p - a +2 ring of protection (left hand)
 q - a +2 ring of evasion (right hand)
Wands
 o - a wand of acid (10)
Scrolls
 k - 3 scrolls of blinking
 m - 5 scrolls of remove curse
 n - 2 scrolls of amnesia
 C - a scroll of acquirement
 D - 2 scrolls of enchant weapon
 E - a scroll of identify
 F - a scroll of fear
Potions
 e - 4 potions of curing
 g - 7 potions of heal wounds
 h - a potion of haste
 i - 4 potions of magic
 j - a potion of berserk rage
 l - a potion of invisibility
 A - 2 potions of might
 B - a potion of resistance


   Skills:
 + Level 10.1 Fighting
 + Level 9.0 Short Blades
 + Level 11.0 Long Blades
 + Level 9.0 Axes
 + Level 9.0 Maces & Flails
 + Level 9.0 Polearms
 + Level 9.0 Staves
 + Level 9.0 Slings
 + Level 9.0 Bows
 + Level 9.0 Crossbows
 + Level 10.1 Throwing
 + Level 9.0 Armour
 + Level 11.0 Dodging
 + Level 9.0 Stealth
 + Level 9.0 Shields
 + Level 9.0 Unarmed Combat
 + Level 9.0 Spellcasting
 + Level 7.5 Conjurations
 + Level 7.5 Hexes
 + Level 7.5 Charms
 + Level 7.5 Summonings
 + Level 7.5 Necromancy
 + Level 7.5 Translocations
 + Level 7.5 Transmutations
 + Level 7.5 Fire Magic
 + Level 7.5 Ice Magic
 + Level 7.5 Air Magic
 + Level 7.5 Earth Magic
 + Level 7.5 Poison Magic
 + Level 9.8 Invocations
 + Level 9.0 Evocations


You had 27 spell levels left.
You didn't know any spells.
Your spell library was empty.

Dungeon Overview and Level Annotations

Branches:
Dungeon (1/1)

Altars:
Cheibriados
Dithmenos
Elyvilon
Fedhas
Gozag
Hepliaklqana
Kikubaaqudgha
Makhleb
Nemelex Xobeh
Okawaru
Qazlal
Ru
Sif Muna
Trog
Uskayaw
Vehumet
Wu Jian
Xom
Yredelemnul
Zin
The Shining One
Beogh
Jiyva
Lugonu


Innate Abilities, Weirdness & Mutations

Your experience applies equally to all skills.
You have very sharp teeth.
Your uncanny sense of smell can sniff out nearby items.


Message History

You hear an angry buzzing noise.
The tyrant leech misses you.
Your plate armour prevents you from hitting the tyrant leech.
You bite the tyrant leech, but do no damage.
The tyrant leech is lightly wounded.
You are fainting from starvation!
You hit the tyrant leech.
The tyrant leech is lightly wounded.
The tyrant leech misses you.
You closely miss the tyrant leech.
You bite the tyrant leech, but do no damage.
The tyrant leech is lightly wounded.
You miss the tyrant leech.
The tyrant leech is lightly wounded.
The tyrant leech closely misses you.
You aren't carrying any food.
You hit the tyrant leech.
The tyrant leech is lightly wounded.
The tyrant leech bites you!
You die...

▓.▓.▓
▓.▓.▓F▓
∆
▓[▓.▓w▓
▓.▓.▓F▓
∆
▓.▓.▓F▓
∆
▓.▓.▓F▓
∆
▓.▓.▓w▓
∆
▓'▓.▓w▓
∆
▓_▓.▓@▓
▓_▓.▓.▓
∆
▓_▓.▓.▓
∆
▓_▓.▓.▓
∆
▓_▓.▓.▓
∆
▓_▓.▓.▓
∆
▓_▓.▓.▓
∆
▓_▓.▓.▓
∆
▓_▓.▓.▓
∆


You could see 3 tyrant leeches, 3 spiny frogs and a bullfrog.

Vanquished Creatures
  A hydra (D)
  A catoblepas (D)
  An unseen horror (D)
  4 spiny frogs (D)
  A hippogriff (D)
  3 yaks (D)
  A hungry ghost (D)
  A basilisk (D)
  A vampire mosquito (D)
  3 water moccasins (D)
  2 porcupines (D)
  A sky beast (D)
  An ogre (D)
  3 crocodiles (D)
  2 bullfrogs (D)
  2 hounds (D)
  An orc wizard (D)
  A worker ant (D)
  A leopard gecko (D)
  2 orcs (D)
  A bat (D)
  A giant cockroach (D)
  3 hobgoblins (D)
  A jackal zombie (D)
  A leopard gecko skeleton (D)
40 creatures vanquished.

Notes
Turn   | Place    | Note
-------+----------+-------------------------------------------
     0 | D        | doot the Gnoll Gladiator began the quest for the Orb.
     0 | D        | Reached XP level 1. HP: 20/20 MP: 1/1
    11 | D        | Reached skill level 1 in Short Blades
    11 | D        | Reached skill level 1 in Axes
    11 | D        | Reached skill level 1 in Maces & Flails
    11 | D        | Reached skill level 1 in Polearms
    11 | D        | Reached skill level 1 in Staves
    11 | D        | Reached skill level 1 in Slings
    11 | D        | Reached skill level 1 in Bows
    11 | D        | Reached skill level 1 in Crossbows
    11 | D        | Reached skill level 1 in Armour
    11 | D        | Reached skill level 1 in Stealth
    11 | D        | Reached skill level 1 in Shields
    11 | D        | Reached skill level 1 in Unarmed Combat
    11 | D        | Reached skill level 1 in Spellcasting
    11 | D        | Reached skill level 1 in Invocations
    11 | D        | Reached skill level 1 in Evocations
    13 | D        | Reached XP level 2. HP: 26/26 MP: 1/3
    43 | D        | Reached skill level 1 in Conjurations
    43 | D        | Reached skill level 1 in Hexes
    43 | D        | Reached skill level 1 in Charms
    43 | D        | Reached skill level 1 in Summonings
    43 | D        | Reached skill level 1 in Necromancy
    43 | D        | Reached skill level 1 in Translocations
    43 | D        | Reached skill level 1 in Transmutations
    43 | D        | Reached skill level 1 in Fire Magic
    43 | D        | Reached skill level 1 in Ice Magic
    43 | D        | Reached skill level 1 in Air Magic
    43 | D        | Reached skill level 1 in Earth Magic
    43 | D        | Reached skill level 1 in Poison Magic
    49 | D        | Reached skill level 5 in Fighting
    49 | D        | Reached skill level 5 in Throwing
    49 | D        | Reached XP level 3. HP: 27/33 MP: 3/6
    55 | D        | Reached XP level 4. HP: 32/39 MP: 3/7
    62 | D        | Found a roughly hewn altar of Beogh.
    62 | D        | Found a snail-covered altar of Cheibriados.
    62 | D        | Found a shadowy altar of Dithmenos.
    62 | D        | Found a white marble altar of Elyvilon.
    62 | D        | Found a blossoming altar of Fedhas.
    62 | D        | Found an opulent altar of Gozag.
    63 | D        | Found a hazy altar of Hepliaklqana.
    64 | D        | Found a viscous altar of Jiyva.
    65 | D        | Found an ancient bone altar of Kikubaaqudgha.
    66 | D        | Found a corrupted altar of Lugonu.
    67 | D        | Found a burning altar of Makhleb.
    68 | D        | Found a sparkling altar of Nemelex Xobeh.
    69 | D        | Found an iron altar of Okawaru.
    70 | D        | Found a stormy altar of Qazlal.
    71 | D        | Found a sacrificial altar of Ru.
    72 | D        | Found a deep blue altar of Sif Muna.
    73 | D        | Found a bloodstained altar of Trog.
    74 | D        | Found a hide-covered altar of Uskayaw.
    75 | D        | Found a radiant altar of Vehumet.
    76 | D        | Found an ornate altar of the Wu Jian Council.
    77 | D        | Found a shimmering altar of Xom.
    78 | D        | Became a worshipper of Qazlal Stormbringer
    79 | D        | Found a basalt altar of Yredelemnul.
    80 | D        | Found a glowing silver altar of Zin.
    81 | D        | Found a glowing golden altar of the Shining One.
   135 | D        | Got the +2 halberd "Guyfufem" {chop, Str+3}
   142 | D        | Noticed an ogre
   142 | D        | Noticed a sky beast
   146 | D        | Reached XP level 5. HP: 45/45 MP: 7/9
   148 | D        | Reached * piety under Qazlal
   158 | D        | Killed a sky beast
   167 | D        | Killed an ogre
   167 | D        | Reached ** piety under Qazlal
   167 | D        | Reached XP level 6. HP: 46/53 MP: 9/12
   210 | D        | Noticed a vampire mosquito
   210 | D        | Noticed a yak
   210 | D        | Noticed a hungry ghost
   221 | D        | Killed a hungry ghost
   221 | D        | Reached skill level 5 in Short Blades
   221 | D        | Reached skill level 5 in Axes
   221 | D        | Reached skill level 5 in Maces & Flails
   221 | D        | Reached skill level 5 in Polearms
   221 | D        | Reached skill level 5 in Staves
   221 | D        | Reached skill level 5 in Slings
   221 | D        | Reached skill level 5 in Bows
   221 | D        | Reached skill level 5 in Crossbows
   221 | D        | Reached skill level 5 in Armour
   221 | D        | Reached skill level 5 in Stealth
   221 | D        | Reached skill level 5 in Shields
   221 | D        | Reached skill level 5 in Unarmed Combat
   221 | D        | Reached skill level 5 in Spellcasting
   221 | D        | Reached skill level 5 in Invocations
   221 | D        | Reached skill level 5 in Evocations
   221 | D        | Reached XP level 7. HP: 59/59 MP: 12/14
   241 | D        | Killed a yak
   241 | D        | Reached *** piety under Qazlal
   247 | D        | Killed a vampire mosquito
   371 | D        | Killed an unseen horror
   371 | D        | Reached skill level 5 in Conjurations
   371 | D        | Reached skill level 5 in Hexes
   371 | D        | Reached skill level 5 in Charms
   371 | D        | Reached skill level 5 in Summonings
   371 | D        | Reached skill level 5 in Necromancy
   371 | D        | Reached skill level 5 in Translocations
   371 | D        | Reached skill level 5 in Transmutations
   371 | D        | Reached skill level 5 in Fire Magic
   371 | D        | Reached skill level 5 in Ice Magic
   371 | D        | Reached skill level 5 in Air Magic
   371 | D        | Reached skill level 5 in Earth Magic
   371 | D        | Reached skill level 5 in Poison Magic
   371 | D        | Reached XP level 8. HP: 29/68 MP: 15/17
   683 | D        | Noticed a yak
   683 | D        | Noticed a spiny frog
   687 | D        | Noticed a spiny frog
   689 | D        | Reached **** piety under Qazlal
   693 | D        | Killed a spiny frog
   693 | D        | Reached XP level 9. HP: 13/75 MP: 19/19
  1359 | D        | Killed a spiny frog
  1359 | D        | Reached ***** piety under Qazlal
  1359 | D        | Reached skill level 10 in Long Blades
  1359 | D        | Reached skill level 10 in Dodging
  1524 | D        | Noticed a spiny frog
  1524 | D        | Noticed a seven-headed hydra
  1528 | D        | Noticed a spiny frog
  1536 | D        | Noticed a catoblepas
  1587 | D        | Killed a one-headed hydra
  1587 | D        | Reached XP level 10. HP: 75/83 MP: 22/22
  1874 | D        | Killed a catoblepas
  2176 | D        | Killed a spiny frog
  2176 | D        | Reached ****** piety under Qazlal
  2176 | D        | Reached skill level 10 in Fighting
  2176 | D        | Reached skill level 10 in Throwing
  2247 | D        | Killed a spiny frog
  2283 | D        | Noticed a spiny frog
  2283 | D        | Noticed a spiny frog
  2283 | D        | Noticed a spiny frog
  2291 | D        | HP: 3/85 [tyrant leech (21)]
  2310 | D        | Slain by a tyrant leech

Skill      XL: |  1  2  3  4  5  6  7  8  9 10 |
---------------+-------------------------------+-----
Short Blades   | 1 2 3 4 5 6 7 8 9 |  9.0
Axes           | 1 2 3 4 5 6 7 8 9 |  9.0
Maces & Flails | 1 2 3 4 5 6 7 8 9 |  9.0
Polearms       | 1 2 3 4 5 6 7 8 9 |  9.0
Staves         | 1 2 3 4 5 6 7 8 9 |  9.0
Slings         | 1 2 3 4 5 6 7 8 9 |  9.0
Bows           | 1 2 3 4 5 6 7 8 9 |  9.0
Crossbows      | 1 2 3 4 5 6 7 8 9 |  9.0
Armour         | 1 2 3 4 5 6 7 8 9 |  9.0
Stealth        | 1 2 3 4 5 6 7 8 9 |  9.0
Shields        | 1 2 3 4 5 6 7 8 9 |  9.0
Unarmed Combat | 1 2 3 4 5 6 7 8 9 |  9.0
Spellcasting   | 1 2 3 4 5 6 7 8 9 |  9.0
Invocations    | 1 2 3 4 5 7 9 |  9.8
Evocations     | 1 2 3 4 5 6 7 8 9 |  9.0
Conjurations   | 1 2 3 4 5 7 |  7.5
Hexes          | 1 2 3 4 5 7 |  7.5
Charms         | 1 2 3 4 5 7 |  7.5
Summonings     | 1 2 3 4 5 7 |  7.5
Necromancy     | 1 2 3 4 5 7 |  7.5
Translocations | 1 2 3 4 5 7 |  7.5
Transmutations | 1 2 3 4 5 7 |  7.5
Fire Magic     | 1 2 3 4 5 7 |  7.5
Ice Magic      | 1 2 3 4 5 7 |  7.5
Air Magic      | 1 2 3 4 5 7 |  7.5
Earth Magic    | 1 2 3 4 5 7 |  7.5
Poison Magic   | 1 2 3 4 5 7 |  7.5
Fighting       | 5 6 8 9 10 | 10.1
Throwing       | 5 6 8 9 10 | 10.1
Long Blades    | 7 8 9 10 11 | 11.0
Dodging        | 7 8 9 10 11 | 11.0

Action                   |  1- 3 |  4- 6 |  7- 9 | 10-12 || total
-------------------------+-------+-------+-------+-------++-------
Melee: Long sword        |    28 |       |       |       ||    28
       Bite              |     8 |     4 |    29 |    18 ||    59
       Quarterstaff      |       |    32 |    54 |    15 ||   101
       Broad axe         |       |       |    70 |    18 ||    88
       Scimitar          |       |       |     7 |     3 ||    10
       Halberd           |       |       |     5 |    14 ||    19
       Punch             |       |       |     5 |     1 ||     6
       Rapier            |       |       |     4 |    23 ||    27
  Use: Potion            |       |       |     2 |       ||     2
 Stab: Petrified         |       |       |    17 |       ||    17
  Eat: Chunk             |       |       |     1 |       ||     1
       Ration            |       |       |     1 |       ||     1
Armor: Leather armour    |     4 |       |       |       ||     4
       Chain mail        |       |     5 |    24 |       ||    29
       Plate armour      |       |       |    27 |    26 ||    53
Dodge: Dodged            |    26 |     9 |    57 |    12 ||   104
Block: Other             |       |     1 |    23 |     9 ||    33
       Rpst.: Long sword |    11 |       |       |       ||    11
